 Dungeon Crawl Stone Soup version 0.21-a0-225-g207ae17 (webtiles) character file.

18 Moloch the Skirmisher (level 2, 0/24 HPs)
             Began as a Mummy Fighter on Aug 28, 2017.
             Slain by a jackal (1 damage)
             ... on level 1 of the Dungeon.
             The game lasted 00:00:55 (542 turns).

Moloch the Skirmisher (Mummy Fighter)                Turns: 542, Time: 00:00:56

Health: 0/24       AC:  6    Str: 19    XL:     2   Next: 51%
Magic:  2/2        EV:  7    Int:  7    God:
Gold:   31         SH:  8    Dex: 11    Spells: 1/1 levels left

rFire    x . .     SeeInvis .   a - +0 trident
rCold    + . .     Gourm    .   c - +0 shield
rNeg     + + +     Faith    .   b - +0 scale mail
rPois    ∞         Spirit   .   (no helmet)
rElec    .         Reflect  .   (no cloak)
rCorr    .         Harm     .   (no gloves)
MR       .....                  (no boots)
Stlth    ..........             (no amulet)
HPRegen  0.08/turn              (no ring)
MPRegen  0.08/turn              (no ring)

@: no status effects
A: no food or potions, fire vulnerability, cold resistance 1, negative energy
resistance 3, torment resistance, unbreathing
a: no special abilities


You were on level 1 of the Dungeon.
You were not hungry.

You visited 1 branch of the dungeon, and saw 1 of its levels.

You collected 31 gold pieces.

Inventory:

Hand Weapons
 a - a +0 trident (weapon)
Armour
 b - a +0 scale mail (worn)
 c - a +0 shield (worn)
Scrolls
 d - a scroll of amnesia {unknown}
 e - a scroll of remove curse {unknown}


   Skills:
 + Level 3.4 Fighting
 * Level 2.1 Polearms
 - Level 2.4 Armour
 - Level 2.4 Shields


You had one spell level left.
You didn't know any spells.

Dungeon Overview and Level Annotations

Branches:
Dungeon (1/15)

Altars:


Innate Abilities, Weirdness & Mutations

You do not eat or drink.
Your flesh is vulnerable to fire.
You are immune to poison.
Your flesh is cold resistant. (rC+)
You are immune to negative energy. (rN+++)
You are immune to unholy pain and torment.
You can survive without breathing.


Message History

You open the door.
The jackal bites you but does no damage.
The jackal closely misses you. x2; The jackal completely misses you.
There is an open door here.
The jackal bites you but does no damage.
You block the jackal's attack. You block the jackal's attack.
The jackal barely misses you.
You hit the jackal but do no damage. The jackal barely misses you. x2
You hit the jackal.
The jackal is heavily wounded.
The jackal bites you but does no damage.
The jackal bites you.
* * * LOW HITPOINT WARNING * * *
You closely miss the jackal.
The jackal is heavily wounded.
The jackal bites you.
* * * LOW HITPOINT WARNING * * *
The jackal bites you.
You die...

...........#.(†.........#........
.#.....#.#.#...###.............##
.#.....#.........#...........#.##
.#.....#.........#...............
.................h......!..#.#.##
........)........#.#.#.##.##.#.#
.#.###..#..>...###†#.........#.#
............!#.###........#.##.#
.............+hh@....#.#.##.##.#
.#.###.......#.##.#.......#(##.#
..............................##
.............#....#....#..#.###
........#.........#.##.#..#.#####
#################.#..............
###.......### #.........#.#####
............### ###.###...).#
..............## .# #..##.#


You could see 2 jackals.

Vanquished Creatures
  2 leopard geckos (D:1)
  3 goblins (D:1)
  2 hobgoblins (D:1)
  2 jackals (D:1)
  4 bats (D:1)
  A kobold (D:1)
  2 rats (D:1)
16 creatures vanquished.

Notes
Turn   | Place    | Note
-------+----------+-------------------------------------------
     0 | D:1      | Moloch the Mummy Fighter began the quest for the Orb.
     0 | D:1      | Reached XP level 1. HP: 18/18 MP: 1/1
   204 | D:1      | Reached XP level 2. HP: 13/24 MP: 2/2
   542 | D:1      | HP: 1/24 [jackal (2)]
   542 | D:1      | Slain by a jackal

Vault maps used:
D:1:      dpeg_arrival_snail

Skill      XL: |  1  2 |
---------------+-------+-----
Polearms       | 2 |  2.1
Fighting       | |  3.4
Armour         | |  2.4
Shields        | |  2.4

Action                   || total
-------------------------++-------
Melee: Trident           ||    92
Armor: Scale mail        ||    53
Dodge: Dodged            ||    50
Block: Shield            ||    59

Table legend:
 A = Spawn XP
 B = Non-spawn XP
 C = Spawn XP percentage of total XP
 D = Spawn monster count
 E = Non-spawn monster count
 F = Spawn count percentage of total count
 G = Total turns spent on level
                    A         B        C        D         E        F      G
               +---------+---------+-------+---------+---------+-------+---------
         Total |       1 |      26 |   3.7 |       1 |      15 |   6.2 |   542
               +---------+---------+-------+---------+---------+-------+---------
           D:1 |       1 |      26 |   3.7 |       1 |      15 |   6.2 |   542
               +---------+---------+-------+---------+---------+-------+---------
